cohdb
Replays
Latest Replays
All Replays
Popular Replays
Top Player Replays
Match Explorer
How It Works
Community
CoH3 Stats
Reddit
Sign in to upload your games and track your stats! →
Sign in with Steam
Match 45655517
Unlisted
Match 45655517
Overview
Messages
Build Orders
End
Construct Infanterie Kompanie
MG 42 Machine Gun Team
MG 42 Machine Gun Team
GrW 34 Mortar Team
GrW 34 Mortar Team
Construct Panzergrenadier Kompanie
Kettenkrad Recon Vehicle
Pak 40 Anti-tank Gun Team
Panzergrenadier Squad
Panzergrenadier Squad
Support Elements
Medical Bunker
Nebelwerfer 42 Rocket Launcher Team
Selects Terror Battlegroup
Selects Machine Gun Camouflage
Selects Interrogate
Nebelwerfer 42 Rocket Launcher Team
MG 42 Bunker
Panzergrenadier Officer Quarters
Selects Defend the Fatherland
MG 42 Bunker
StuG III G Assault Gun
MG 42 Bunker
MG 42 Bunker
Panzergrenadier Squad
Medical Bunker
StuG III G Assault Gun
StuG III G Assault Gun
StuG III G Assault Gun
Pioneer Squad
Selects King Tiger Heavy Tank
Selects Propaganda Leaflet Drop
King Tiger Heavy Tank
Pioneer Squad
Selects V1 Rocket Strike
V1 Rocket Strike
狂歌
FLOKL
Ranger
MähnGiL
city8350
来自地狱的猫咪
0
0
Comments
sign in to comment!
No comments posted yet!